 Dungeon Crawl Stone Soup version 0.29.1-2-gbd0b4ee654 (webtiles) character file.

Game seed: 5453827667359233648

5818 eightlis the Cruncher (level 10, 0/90 HPs)
             Began as a Minotaur Berserker on Nov 17, 2022.
             Was a Priest of Trog.
             Slain by a shadow (17 damage)
             ... on level 9 of the Dungeon.
             The game lasted 00:12:28 (12094 turns).

eightlis the Cruncher (Minotaur Berserker)         Turns: 12094, Time: 00:12:29

Health: 0/90       AC: 10    Str: 33    XL:     10   Next: 51%
Magic:  9/9        EV: 15    Int:  4    God:    Trog [***...]
Gold:   187        SH:  0    Dex: 15    Spells: 9/9 levels left

rFire   . . .      SeeInvis .   w - +3 quarterstaff (chaos)
rCold   . . .      Faith    .   (shield currently unavailable)
rNeg    . . .      Spirit   .   p - +3 leather armour
rPois   .          Reflect  .   (helmet restricted)
rElec   .          Harm     .   x - +1 cloak {Will+}
rCorr   .          Rampage  .   c - +0 pair of gloves
Will    +....                   (no boots)
Stlth   +++.......              (no amulet)
HPRegen 0.25/turn               v - +6 ring of dexterity
MPRegen 0.11/turn               C - +6 ring of strength

@: no status effects
A: horns 2, retaliatory headbutt, claws 1
a: Renounce Religion, Berserk, Trog's Hand


You were on level 9 of the Dungeon.
You worshipped Trog.
Trog was most pleased with you.
You visited 1 branch of the dungeon, and saw 8 of its levels.

You collected 417 gold pieces.
You spent 230 gold pieces at shops.

Inventory:

Hand Weapons
 a - a +0 spear
 w - a +3 quarterstaff of chaos (weapon)
Missiles
 t - 2 throwing nets (quivered)
Armour
 b - a +0 animal skin
 c - a +0 pair of gloves (worn)
 o - a +0 pair of gloves
 p - a +3 leather armour (worn)
 x - a +1 cloak of willpower (worn)
Jewellery
 d - an amulet of faith
 v - a +6 ring of dexterity (left hand)
 C - a +6 ring of strength (right hand)
Scrolls
 g - 4 scrolls of teleportation {unknown}
 i - 3 scrolls of identify
 j - 2 scrolls of poison {unknown}
 k - 4 scrolls of blinking {unknown}
 m - 3 scrolls of amnesia {unknown}
 n - 2 scrolls of enchant armour {unknown}
 s - a scroll of enchant weapon {unknown}
 y - a scroll of torment {unknown}
 A - a scroll of fog {unknown}
 D - a scroll of noise {unknown}
 E - a scroll of magic mapping {unknown}
Potions
 e - 5 potions of curing
 h - a potion of magic
 l - 2 potions of haste
 q - 4 potions of attraction {unknown}
 r - 3 potions of lignification {unknown}
 u - a potion of brilliance {unknown}
 z - 2 potions of heal wounds {unknown}
 B - a potion of berserk rage {unknown}
 F - a potion of might


   Skills:
 + Level 8.7 Fighting
 + Level 6.3(9.7) Polearms
 + Level 11.3(12.0) Staves
 + Level 6.0 Armour
 + Level 7.2 Dodging
 + Level 5.4 Stealth


You had 9 spell levels left.
You didn't know any spells.
Your spell library was empty.

Dungeon Overview and Level Annotations

Branches:
Dungeon (9/15)               Lair (0/5) D:9
 Temple: D:4-7          Orc: D:9-12

Altars:
Dithmenos
Kikubaaqudgha
Okawaru
Vehumet
The Shining One

Shops:
D:4 *   D:6 *

Annotations:
D:3 2 transporters


Innate Abilities, Weirdness & Mutations

You have a pair of horns on your head.
You reflexively headbutt those who attack you in melee.
You have sharp fingernails.


Message History

You feel very mighty all of a sudden.
You completely miss the two-headed ogre.
You headbutt the two-headed ogre!
The two-headed ogre is moderately wounded.
You bludgeon the two-headed ogre!!
The two-headed ogre is severely wounded.
The two-headed ogre hits you with a +0 giant club!
* * * LOW HITPOINT WARNING * * *
The two-headed ogre hits you with a +0 giant club!
* * * LOW HITPOINT WARNING * * *
You bludgeon the two-headed ogre!! You freeze the two-headed ogre!
You kill the two-headed ogre!
Trog accepts your kill.
Your Armour skill increases to level 6!
Unknown command.
You start resting.
You feel a little less mighty now.
You start resting.
A shadow comes into view.
A shadow is nearby!
A shadow is nearby!
A shadow is nearby!
A shadow is nearby!
A shadow is nearby!
Things that are here:
a +0 giant club; a +0 giant club You are too injured to fight recklessly!
You are too injured to fight recklessly!
Things that are here:
2 poisoned darts; a +0 whip; a kobold skeleton You are too injured to fight recklessly!
Things that are here:
5 stones; a +0 whip The shadow slips into darkness.
The shadow flickers and vanishes!
Deactivating autopickup; reactivate with Ctrl-A.
You sock something! You sock something! Your headbutt misses something.
The shadow strikes at you from the darkness!
You die...

.####..###
....##...##
........).##
#........<.#
.###........#
(..###......#
#......[)..##
..###)[...##
#{@((...#
#.[#......#
##.#......#
#. W.#.....##
##
#..###....##
.### ..
#..###
...####
#..###.##
.#††..### #.
..#.#
.....)..###
##.#.##


There were no monsters in sight!

Vanquished Creatures
  2 two-headed ogres (D:9)
  Pikel (D:4)
  The ghost of Voxish the Grave Robber, a novice DENe of Sif Muna (D:4)
  A troll (D:9)
  A hornet (D:9)
  3 yaks (D:9)
  A steam dragon (D:6)
  An orc warrior (D:4)
  A water moccasin (D:6)
  An ice beast (D:5)
  A black bear (D:5)
  2 ogres
  4 centaurs
  A lemure (D:4)
  5 phantoms
  2 kobold brigands (D:9)
  A bullfrog (D:9)
  3 necrophages (D:6)
  2 gnoll sergeants (D:9)
  4 wights (D:6)
  6 killer bees (D:9)
  2 jellies (D:6)
  6 hounds
  2 orc priests
  Crazy Yiuf (D:3)
  An iguana (D:5)
  6 orc wizards
  13 adders
  14 gnolls
  3 worms
  21 orcs
  4 endoplasms
  2 giant cockroaches
  7 goblins
  4 hobgoblins
  3 jackals (D:5)
  9 kobolds
  2 quokkas
  13 ball pythons
  6 bats
  3 frilled lizards
166 creatures vanquished.

Notes
Turn   | Place    | Note
-------+----------+-------------------------------------------
     0 | D:1      | eightlis the Minotaur Berserker began the quest for the
                  | Orb.
     0 | D:1      | Reached XP level 1. HP: 19/19 MP: 0/0
   382 | D:1      | Reached XP level 2. HP: 27/27 MP: 1/1
   624 | D:1      | Reached XP level 3. HP: 24/33 MP: 2/2
  1325 | D:2      | Found a faded altar of an unknown god.
  1335 | D:2      | Reached skill level 5 in Polearms
  1811 | D:3      | Reached XP level 4. HP: 30/40 MP: 3/3
  2044 | D:3      | Reached ** piety under Trog
  2083 | D:3      | Found a transporter.
  2099 | D:3      | Found a transporter.
  2142 | D:3      | Found a runed translucent door.
  2143 | D:3      | Noticed Crazy Yiuf
  2275 | D:3      | Found a glowing golden altar of the Shining One.
  2294 | D:3      | Reached XP level 5. HP: 38/47 MP: 4/4
  2452 | D:3      | Found an ancient bone altar of Kikubaaqudgha.
  2452 | D:3      | Found a radiant altar of Vehumet.
  2598 | D:3      | Found an iron altar of Okawaru.
  5412 | D:3      | Killed Crazy Yiuf
  5413 | D:3      | Reached skill level 1 in Stealth
  5629 | D:4      | Found Tameo's Assorted Antiques.
  5639 | D:4      | Reached skill level 5 in Fighting
  6559 | D:4      | Bought a scroll labelled PYIDUB VOUDU for 25 gold pieces
  6559 | D:4      | Bought a scroll labelled XIELAPR CILIX for 25 gold pieces
  6559 | D:4      | Bought a scroll labelled AXTUOJEBLU for 25 gold pieces
  6559 | D:4      | Bought a scroll labelled XIELAPR CILIX for 25 gold pieces
  6564 | D:4      | Gained mutation: Your flesh is cold resistant. (rC+)
                  | [potion of mutation]
  6564 | D:4      | Gained mutation: You occasionally shout uncontrollably at
                  | your foes. [potion of mutation]
  6564 | D:4      | Gained mutation: Your mind is acute. (Int +4, Str/Dex -1)
                  | [potion of mutation]
  6574 | D:5      | Entered Level 5 of the Dungeon
  6577 | D:5      | Reached XP level 6. HP: 56/56 MP: 5/5
  6690 | D:4      | Reached skill level 1 in Staves
  6891 | D:4      | Noticed an orc warrior
  6900 | D:4      | Noticed Pikel
  7395 | D:4      | Killed Pikel
  7396 | D:4      | Reached skill level 4 in Staves
  7396 | D:4      | Reached XP level 7. HP: 23/63 MP: 6/6
  7912 | D:4      | Reached XP level 8. HP: 15/70 MP: 7/7
  8585 | D:4      | Reached skill level 5 in Staves
  9021 | D:4      | Found a runed translucent door.
  9024 | D:4      | Noticed Voxish's ghost (novice DENe)
  9036 | D:4      | Killed Voxish's ghost
  9037 | D:4      | Reached skill level 6 in Staves
  9147 | D:5      | Found a shadowy altar of Dithmenos.
  9194 | D:5      | Reached skill level 5 in Armour
  9250 | D:5      | Reached skill level 7 in Staves
  9421 | D:5      | Found Nodwir's Distillery.
  9530 | D:5      | Reached skill level 5 in Dodging
  9622 | D:5      | Reached XP level 9. HP: 61/79 MP: 8/8
 10096 | D:6      | Reached skill level 8 in Staves
 10248 | D:6      | Reached *** piety under Trog
 10712 | D:6      | Found Saesuzes's General Store.
 10718 | D:6      | Lost mutation: You occasionally shout uncontrollably at
                  | your foes. [potion of mutation]
 10718 | D:6      | Lost mutation: Your flesh is cold resistant. (rC+) [potion
                  | of mutation]
 10718 | D:6      | Lost mutation: Your mind is acute. (Int +4, Str/Dex -1)
                  | [potion of mutation]
 10718 | D:6      | Gained mutation: You have sharp fingernails. [potion of
                  | mutation]
 10733 | D:6      | Bought a scroll of identify for 26 gold pieces
 10733 | D:6      | Bought a potion of might for 52 gold pieces
 10733 | D:6      | Bought a potion of might for 52 gold pieces
 10902 | D:6      | Reached skill level 9 in Staves
 11089 | D:6      | You fall into a shaft and drop 3 floors!
 11089 | D:9      | Found a staircase to the Lair.
 11264 | D:9      | Reached skill level 10 in Staves
 11399 | D:9      | Reached XP level 10. HP: 82/88 MP: 9/9
 11408 | D:9      | Reached skill level 5 in Stealth
 11419 | D:9      | Identified the +5 ring mail of Ocvygih {rCorr}
 11430 | D:9      | Noticed a two-headed ogre
 11972 | D:9      | Killed a two-headed ogre
 11973 | D:9      | Reached skill level 11 in Staves
 12023 | D:9      | Noticed a two-headed ogre
 12029 | D:9      | HP: 1/90 [two-headed ogre/+0 giant club (17)]
 12030 | D:9      | Killed a two-headed ogre
 12094 | D:9      | Slain by a shadow

Illustrated notes

Levels and vault maps discovered:
D:1:      minmay_arrival_wavy_path, layout_basic
D:2:      layout_basic, basic_ecumenical_altar,
          wander_ebering_terrifying_dragon_lair
D:3:      gammafunk_steamed_eel, layout_loops_cross,
          mainiacjoe_overflow_large_starburst,
          mainiacjoe_overflow_catch_the_wave, uniq_crazy_yiuf_cottage
D:4:      layout_basic, serial_shops, shop, ebering_ghost_sewer_d, uniq_pikel
D:5:      layout_loops_ring, nicolae_dithmenos_through_a_glass_darkly,
          serial_shops, kennysheep_little_box, dreamdust_wishing_well,
          hangedman_minor_gate_pass
D:6:      kennysheep_steamy, layout_cave_pools, serial_shops,
          nicolae_shop_hallway_stairs
D:8:      layout_cave_pools, lemuel_flamethrower_2
D:9:      minmay_the_grid_triangle_9x9_rhombus_thin
          [minmay_the_grid_triangle_9x9_corruption,
          minmay_the_grid_triangle_9x9_prize_insulated,
          minmay_the_grid_triangle_9x9_alien,
          minmay_the_grid_triangle_9x9_dagger], layout_rooms,
          fedhas_altar_fruit_tree, lair_entry_dummy, orc_0_dummy

Skill      XL: |  1  2  3  4  5  6  7  8  9 10 |
---------------+-------------------------------+-----
Polearms       | 4 5 6 |  6.3
Fighting       | 4 5 6 7 8 |  8.7
Armour         | 3 4 5 6 |  6.0
Dodging        | 3 4 5 6 7 |  7.2
Stealth        | 1 2 3 4 5 |  5.4
Staves         | 4 7 10 11 | 11.3

Action                   |  1- 3 |  4- 6 |  7- 9 | 10-12 || total
-------------------------+-------+-------+-------+-------++-------
Melee: Spear             |    82 |    76 |       |       ||   158
       Headbutt          |    12 |    18 |    25 |     4 ||    59
       Quarterstaff      |       |    55 |   169 |    48 ||   272
Invok: Berserk           |       |     3 |     2 |       ||     5
  Use: Scroll            |       |     6 |     1 |     2 ||     9
       Potion            |       |     1 |     1 |     1 ||     3
 Stab: Sleeping          |     1 |     2 |     6 |       ||     9
       Paralysed         |       |       |       |     1 ||     1
Armor: Animal skin       |     9 |       |       |       ||     9
       Leather armour    |     1 |    45 |    69 |    19 ||   134
Dodge: Dodged            |    38 |    86 |    89 |    45 ||   258
